 Dungeon Crawl Stone Soup version 0.27-a0-1334-g2746e35aca (webtiles) character file.

Game seed: 6711293856543252392

102 benadryl the Sneak (level 5, 0/38 HPs)
             Began as a Formicid Enchanter on June 26, 2021.
             Succumbed to an adder's poison
             ... on level 3 of the Dungeon.
             The game lasted 00:07:20 (3629 turns).

benadryl the Sneak (Formicid Enchanter)             Turns: 3629, Time: 00:07:21

Health: 0/38       AC:  2    Str: 13    XL:     5   Next: 5%
Magic:  0/8        EV: 12    Int: 15    God:
Gold:   70         SH:  0    Dex: 11    Spells: 5/8 levels left

rFire    . . .     SeeInvis +   a - +1 dagger
rCold    . . .     Faith    .   (no shield)
rNeg     . . .     Spirit   .   b - +0 robe
rPois    .         Reflect  .   (helmet unavailable)
rElec    .         Harm     .   (no cloak)
rCorr    .         Rampage  .   (no gloves)
Will     .....                  (no boots)
Stlth    +++.......             (no amulet)
HPRegen  0.12/turn              (no ring)
MPRegen  0.11/turn              (no ring)

@: lethally poisoned (0 -> -5), very slightly contaminated
A: permanent stasis, dig shafts and tunnels, antennae 3, four strong arms
a: Dig, Shaft Self


You were on level 3 of the Dungeon.
You visited 1 branch of the dungeon, and saw 4 of its levels.

You collected 70 gold pieces.

Inventory:

Hand Weapons
 a - a +1 dagger (weapon)
Armour
 b - a +0 robe (worn)
Jewellery
 i - an amulet of guardian spirit
Scrolls
 c - 2 scrolls of teleportation {unknown}
 d - a scroll of vulnerability {unknown}
 g - a scroll of magic mapping {unknown}
 j - a scroll of fog {unknown}
Potions
 e - a potion of lignification {unknown}
 f - a potion of flight {unknown}
 h - a potion of haste {unknown}


   Skills:
 + Level 2.1 Fighting
 - Level 1.0 Short Blades
 - Level 1.7 Dodging
 * Level 5.6 Stealth
 - Level 2.1 Spellcasting
 + Level 4.2 Hexes


You had 5 spell levels left.
You knew the following spells:

 Your Spells              Type           Power      Damage    Failure   Level
a - Corona                Hex            15%        N/A       3%          1
b - Ensorcelled Hibernat  Hex/Ice        14%        N/A       14%         2

Your spell library contained the following spells:

 Spells                   Type           Power      Damage    Failure   Level
 Confusing Touch          Hex            14%        N/A       12%         3
 Tukima's Dance           Hex            14%        N/A       12%         3
 Dazzling Flash           Conj/Hex       14%        N/A       28%         3


Dungeon Overview and Level Annotations

Branches:
Dungeon (4/15)
 Temple: D:4-7

Altars:

Annotations:
D:3 Grinder


Innate Abilities, Weirdness & Mutations

You cannot be hasted, slowed, berserked, paralysed or teleported.
You can dig through walls and to a lower floor.
You have a pair of large antennae on your head. (SInv)
Your four strong arms can wield two-handed weapons with a shield.


Message History

Press: ? - help, Shift-Dir - straight line, f/p - adder
Aim: an adder (severely wounded, chance to affect: 48%)
You miscast Ensorcelled Hibernation.
You are very lightly contaminated with residual magic.
Nothing appears to happen.
You feel very sick. The adder bites you.
You are lethally poisoned!
The adder poisons you! The adder skeleton misses you.
Casting: Ensorcelled Hibernation (safe; 14% risk of failure)
Confirm with . or Enter, or press ? or * to list all spells.
Aiming: Ensorcelled Hibernation (safe; 14% risk of failure)
Press: ? - help, Shift-Dir - straight line, f/p - adder
Aim: an adder (severely wounded, chance to affect: 48%)
The adder resists with some effort.
* * * LOW HITPOINT WARNING * * *
You feel very sick. The adder barely misses you. The adder skeleton bites you.
* * * LOW HITPOINT WARNING * * *
The adder bites you but does no damage.
Casting: Ensorcelled Hibernation (safe; 14% risk of failure)
Confirm with . or Enter, or press ? or * to list all spells.
Aiming: Ensorcelled Hibernation (safe; 14% risk of failure)
Press: ? - help, Shift-Dir - straight line, f/p - adder
Aim: an adder (severely wounded, chance to affect: 48%)
The adder resists with some effort.
* * * LOW HITPOINT WARNING * * *
You feel very sick. The adder barely misses you.
The adder skeleton bites you but does no damage.
Casting: Ensorcelled Hibernation (safe; 14% risk of failure)
Confirm with . or Enter, or press ? or * to list all spells.
You don't have enough magic to cast this spell.
Unknown command.
Okay, then.
* * * LOW HITPOINT WARNING * * *
You feel sick.
* * * LOW HITPOINT WARNING * * *
You feel sick.
You die...

..##.....#...................
..###'####...................
#......# ##.....(............
....#..####..................
.......##....................
.......##...#+##.........##..
..............##.............
......#......###.............
......#......# #@............
......#........#..Z......##..
......####.(......S..........
....### ..................
..### ................. ..#
................. ..#
....##.........## ..# ....
#.........# ..# ...
#.........#


You could see an adder and an adder skeleton.

Vanquished Creatures
  A gnoll (D:1)
  2 adders (D:2)
  5 dart slugs
  5 ball pythons
  A bat (D:1)
  6 endoplasms
  3 giant cockroaches
  4 goblins
  5 hobgoblins
  6 jackals
  3 quokkas
  5 frilled lizards (D:1)
  8 kobolds
  7 rats
61 creatures vanquished.

Notes
Turn   | Place    | Note
-------+----------+-------------------------------------------
     0 | D:1      | benadryl the Formicid Enchanter began the quest for the
                  | Orb.
     0 | D:1      | Reached XP level 1. HP: 13/13 MP: 3/3
   262 | D:1      | Reached skill level 4 in Stealth
   269 | D:1      | Reached XP level 2. HP: 19/20 MP: 5/5
   454 | D:1      | Reached skill level 1 in Fighting
   784 | D:1      | Reached XP level 3. HP: 19/26 MP: 6/6
  1403 | D:2      | Reached skill level 5 in Stealth
  1515 | D:2      | You fall into a shaft and drop 2 floors!
  1808 | D:3      | Noticed Grinder
  1830 | D:3      | Learned a level 2 spell: Ensorcelled Hibernation
  1959 | D:2      | Reached XP level 4. HP: 33/33 MP: 7/7
  3143 | D:1      | Reached XP level 5. HP: 38/38 MP: 5/8
  3628 | D:3      | HP: 1/38 [poisoned by an adder]
  3629 | D:3      | Succumbed to an adder's poison

Illustrated notes

Levels and vault maps discovered:
D:1:      tarquinn_simple_flora_water_f, layout_loops_cross
D:2:      minmay_angry_zag, layout_loops_ring, kennysheep_crisscross
D:3:      layout_basic, gammafunk_ghost_nasty_kobolds, serial_shops,
          nicolae_shop_trees, uniq_grinder
D:4:      layout_loops_ring, ashenzari_altar_1, kennysheep_mini_moat,
          marbit_many_paths

Skill      XL: |  1  2  3  4 |
---------------+-------------+-----
Stealth        | 4 5 |  5.6
Fighting       | 1 2 |  2.1
Hexes          | 4 |  4.2
Short Blades   | |  1.0
Dodging        | |  1.7
Spellcasting   | |  2.1

Action                   |  1- 3 |  4- 6 || total
-------------------------+-------+-------++-------
Melee: Dagger            |   108 |    86 ||   194
 Cast: Corona            |     7 |       ||     7
       Ensorcelled Hiber |     2 |     9 ||    11
 Abil: Shaft Self        |     1 |       ||     1
  Use: Potion            |     1 |       ||     1
 Stab: Sleeping          |    13 |    12 ||    25
       Distracted        |       |     1 ||     1
Armor: Robe              |    10 |    14 ||    24
Dodge: Dodged            |    72 |    54 ||   126

Table legend: (Time is in decaauts)
 A = Elapsed time spent in this place.
 B = Non-inter-level travel time spent in this place.
 C = Inter-level travel time spent in this place.
 D = Time resting spent in this place.
 E = Time spent auto-exploring this place.
 F = Levels seen in this place.
 G = Mean time per level.
                   A        B        C        D        E       F      G
               +--------+--------+--------+--------+--------+-----+--------+
         Total |   3621 |   3488 |    133 |   1420 |   1349 |   4 |  905.2 |
       Dungeon |   3621 |   3488 |    133 |   1420 |   1349 |   4 |  905.2 |
               +--------+--------+--------+--------+--------+-----+--------+

Top non-repeatable levels by time:
     D:1: 1853 daAuts
     D:2: 1292 daAuts
     D:3: 461 daAuts
     D:4: 12 daAuts
